 Dungeon Crawl Stone Soup version 0.23.0-3-gf3c87f2 (webtiles) character file.

Game seed: 6890447288233543316

195 zishaf the Sneak (level 5, -4/28 HPs)
             Began as a Vine Stalker Assassin on Feb 21, 2019.
             Slain by an iguana (5 damage)
             ... on level 3 of the Dungeon.
             The game lasted 00:06:47 (3324 turns).

zishaf the Sneak (Vine Stalker Assassin)            Turns: 3324, Time: 00:06:48

Health: -4/28      AC:  2    Str: 15    XL:     5   Next: 74%
Magic:  0/6        EV: 11    Int: 11    God:
Gold:   168        SH:  0    Dex: 15    Spells: 4/4 levels left

rFire    + . .     SeeInvis .   a - +3 dagger
rCold    . . .     Gourm    .   (no shield)
rNeg     . . .     Faith    .   y - -2 leather armour (curse)
rPois    .         Spirit   +   (no helmet)
rElec    .         Reflect  .   d - +0 cloak
rCorr    .         Harm     .   (no gloves)
MR       .....                  (no boots)
Stlth    +++.......             r - amulet of magic regeneration
HPRegen  0.49/turn              j - ring of protection from fire
MPRegen  0.35/turn              (no ring)

@: no status effects
A: fangs 2, regeneration 1, magic shield, antimagic bite, no potion heal 3, rot
immunity
a: no special abilities


You were on level 3 of the Dungeon.
You were not hungry.

You visited 1 branch of the dungeon, and saw 3 of its levels.

You collected 168 gold pieces.

Inventory:

Hand Weapons
 a - a +3 dagger (weapon)
 b - a +0 hunting sling
 w - a +0 blowgun
 A - a +0 dagger of holy wrath
Missiles
 e - 8 poisoned needles
 f - 2 curare-tipped needles {!f}
 m - 66 stones (quivered)
 z - 27 sling bullets
Armour
 c - a +0 robe
 d - a +0 cloak (worn)
 p - a +0 ring mail
 x - a +0 scale mail
 y - a cursed -2 leather armour (worn)
Jewellery
 j - a ring of protection from fire (left hand)
 r - an amulet of magic regeneration (around neck)
Scrolls
 n - a scroll of fog
 o - a scroll of amnesia {unknown}
Potions
 i - 2 potions of resistance
 k - 2 potions of curing
 l - 2 potions of haste {unknown}
 q - a potion of brilliance {unknown}
 s - a potion of flight {unknown}
 t - a potion of agility {unknown}
Comestibles
 g - 6 rations
 h - a chunk of flesh


   Skills:
 + Level 2.9 Fighting
 + Level 3.0 Short Blades
 - Level 1.7 Throwing
 + Level 1.9 Armour
 - Level 1.0 Dodging
 + Level 6.0 Stealth


You had 4 spell levels left.
You didn't know any spells.
Your spell library was empty.

Dungeon Overview and Level Annotations

Branches:
Dungeon (3/15)

Altars:
Dithmenos
Gozag
Makhleb
Ru
Yredelemnul

Annotations:
D:3 1 runed translucent door, Crazy Yiuf


Innate Abilities, Weirdness & Mutations

You have extremely sharp teeth.
Your natural rate of healing is unusually fast.
When hurt, damage is shared between your health and your magic reserves.
Your bite disrupts and absorbs the magic of your enemies.
Potions cannot restore your health.
You are immune to rotting.


Message History

You hit the iguana. You bite the iguana. You drain its power.
You feel invigorated.
The iguana is severely wounded.
You hit the iguana. You bite the iguana, but do no damage.
The iguana is almost dead.
The iguana bites you!
* * * LOW HITPOINT WARNING * * *
You hit the iguana but do no damage. Your bite misses the iguana.
The iguana is almost dead.
The iguana hisses menacingly.
The iguana bites you!
* * * LOW HITPOINT WARNING * * *
You barely miss the iguana. You bite the iguana. You drain its power.
You feel invigorated.
The iguana is almost dead.
The iguana bites you but does no damage.
You barely miss the iguana. You bite the iguana, but do no damage.
The iguana is almost dead.
The iguana bites you.
You die...

.........#.#.##.#
.#########)#.##.#
#.#.##.# #.#.##.#
#[#.##.# ..#.##.#
###.##.#
.#########.##.#
((...(l@....#.#
#############.#
#.# #.# #.# #.#
#<# ###


You could see an iguana.

Vanquished Creatures
  A hound (D:2)
  Jessica (D:3)
  4 adders
  An ooze (D:3)
  4 worms (D:2)
  2 dart slugs
  3 orcs (D:3)
  11 bats
  6 giant cockroaches
  2 gnoll zombies (D:2)
  9 goblins
  14 hobgoblins
  4 jackals (D:1)
  A ball python (D:3)
  6 frilled lizards (D:1)
  5 kobolds
  6 rats
80 creatures vanquished.

Notes
Turn   | Place    | Note
-------+----------+-------------------------------------------
     0 | D:1      | zishaf the Vine Stalker Assassin began the quest for the
                  | Orb.
     0 | D:1      | Reached XP level 1. HP: 11/11 MP: 2/2
   267 | D:1      | Reached skill level 1 in Dodging
   267 | D:1      | Reached XP level 2. HP: 10/15 MP: 3/3
   375 | D:1      | Reached skill level 5 in Stealth
   912 | D:1      | Reached XP level 3. HP: 17/18 MP: 2/4
  1165 | D:2      | Found an opulent altar of Gozag.
  1535 | D:2      | Reached skill level 1 in Armour
  1934 | D:2      | Gained mutation: Your natural rate of healing is unusually
                  | fast. [Vine Stalker growth]
  1934 | D:2      | Reached XP level 4. HP: 23/23 MP: 5/5
  2159 | D:2      | Found a burning altar of Makhleb.
  2365 | D:2      | Found a faded altar of an unknown god.
  2567 | D:2      | Reached XP level 5. HP: 21/27 MP: 6/6
  2651 | D:2      | Found a basalt altar of Yredelemnul.
  2767 | D:3      | Noticed Jessica
  2774 | D:3      | Killed Jessica
  2887 | D:3      | Found a runed translucent door.
  2888 | D:3      | Noticed Crazy Yiuf
  2965 | D:3      | Found a sacrificial altar of Ru.
  3083 | D:3      | Reached skill level 6 in Stealth
  3153 | D:3      | Found a shadowy altar of Dithmenos.
  3322 | D:3      | HP: 1/28 [iguana (6)]
  3324 | D:3      | Slain by an iguana

Skill      XL: |  1  2  3  4  5 |
---------------+----------------+-----
Dodging        | 1 |  1.0
Fighting       | 2 |  2.9
Stealth        | 5 6 |  6.0
Short Blades   | 2 3 |  3.0
Armour         | 1 |  1.9
Throwing       | |  1.7

Action                   |  1- 3 |  4- 6 || total
-------------------------+-------+-------++-------
Melee: Dagger            |   116 |   123 ||   239
       Bite              |    26 |    38 ||    64
 Fire: Hunting sling     |    26 |    20 ||    46
  Use: Scroll            |       |     8 ||     8
 Stab: Sleeping          |     7 |     7 ||    14
  Eat: Chunk             |     3 |     5 ||     8
Armor: Robe              |    37 |     4 ||    41
       Leather armour    |       |     6 ||     6
Dodge: Dodged            |    76 |    52 ||   128
